 Dungeon Crawl Stone Soup version 0.15.2 (webtiles) character file.

1419 kae the Martial Artist (level 8, 0/59 HPs)
             Began as a Green Draconian Transmuter on Feb 23, 2015.
             Was an Initiate of Qazlal.
             Killed from afar by an orc wizard (11 damage)
             ... with a puff of frost
             ... on Level 5 of the Dungeon.
             The game lasted 00:08:41 (7321 turns).

kae the Martial Artist (Green Draconian Transmuter) Turns: 7321, Time: 00:08:42

HP   0/59        AC  2     Str 12      XL: 8   Next: 43%
MP  10/13        EV 19     Int 14      God: Qazlal [......]
Gold 265         SH  0     Dex 19      Spells:  3 memorised,  5 levels left

rFire  . . .     SeeInvis .       - Unarmed
rCold  . . .     Clarity  .     (armour unavailable)
rNeg   . . .     rCorr    .     (shield currently unavailable)
rPois  x         rRot     .     (helmet currently unavailable)
rElec  .         Spirit   .     (cloak currently unavailable)
SustAb .         Warding  .     k - melded +0 pair of gloves (curse)
rMut   .         Stasis   .     (boots currently unavailable)
Gourm  .                        (no amulet)
MR     .....                    (no ring)
                                e - ring of stealth

@: spider-form, not resistant to hostile enchantments, fairly stealthy
A: (breathe noxious fumes), unfitting armour, (poison resistance),
(cold-blooded), AC +6
a: End Transformation, Renounce Religion


You were on level 5 of the Dungeon.
You worshipped Qazlal.
Qazlal was noncommittal.
You were very hungry.
You were in spider-form.
You visited 2 branches of the dungeon, and saw 6 of its levels.
You also visited: Sewer.

You collected 265 gold pieces.

Inventory:

Missiles
 b - 63 arrows
Armour
 k - a cursed +0 pair of gloves (melded)
Magical devices
 o - a wand of disintegration (10) {unknown}
 p - a wand of polymorph (20) {unknown}
Comestibles
 a - 5 bread rations
 f - 4 beef jerkies
 q - 2 meat rations
 s - 2 slices of pizza
Scrolls
 c - 6 scrolls of identify
 h - 2 scrolls of enchant weapon
 i - a scroll of teleportation {unknown}
 j - a scroll of fog
 l - a scroll of blinking {unknown}
 n - 3 scrolls of amnesia {unknown}
 v - a scroll of noise {unknown}
Jewellery
 e - a ring of stealth (left front leg)
Potions
 g - a potion of cancellation
 m - a potion of beneficial mutation {unknown}
 r - a potion of agility {unknown}
 u - a potion of poison {unknown}
Books
 d - a book of Changes

   Spells                             Type                      Level
   *Beastly Appendage                 Transmutation                1
   *Sticks to Snakes                  Transmutation                2
   *Spider Form                       Transmutation/Poison         3
   Ice Form                           Ice/Transmutation            4
   Blade Hands                        Transmutation                5


   Skills:
 - Level 1.1 Fighting
 - Level 1.7 Dodging
 * Level 9.2 Unarmed Combat
 - Level 2.0 Spellcasting
 + Level 6.2 Transmutations


You had 5 spell levels left.
You knew the following spells:

 Your Spells              Type           Power        Failure   Level  Hunger
a - Beastly Appendage     Trmt           ###...       8%          1    ##.....
b - Sticks to Snakes      Trmt           ###.......   10%         2    ###....
c - Spider Form           Trmt/Pois      ##........   41%         3    ####...


Dungeon Overview and Level Annotations

Branches:
Dungeon (5/15)             Temple (1/1) D:5

Altars:
Ashenzari
Elyvilon
Okawaru
Qazlal
Trog
Xom
The Shining One


Innate Abilities, Weirdness & Mutations

((You can breathe blasts of noxious fumes.))
((Your lurid green scales are hard (AC +6).))
Your body does not fit into most forms of armour.
((Your system is resistant to poisons.))
((Your cold-blooded metabolism reacts poorly to cold.))


Message History

Confirm with . or Enter, or press ? or * to list all spells.
You turn into a venomous arachnid creature.
Your cursed +0 pair of gloves melds into your body.
The orc priest invokes the aid of Beogh against you.
Something smites you! The orc wizard hits you with a dagger.
The giant frog hits you.
The orc wizard hits you but does no damage.
The giant frog barely misses you.
You bite the orc wizard!
The orc wizard is poisoned.
The orc wizard is severely wounded.
The giant frog misses you.
You hit the orc priest.
The orc priest is poisoned.
The orc priest is lightly wounded.
The giant frog hits you!
* * * LOW HITPOINT WARNING * * *
The orc priest calls upon Beogh to heal the orc wizard.
The orc wizard is healed somewhat.
The orc wizard gestures at you while chanting.
The puff of frost hits you!
You die...

##..........
##..............
#..............). .
##.................
.####...................
..##....................
..#.....................
..#..............F.......
................so.......
................oo...Z...
........................
........................
........................
.......########+#######
.......# .......# ...
.......# #......


You could see a giant frog, an orc priest, an orc wizard, an orc and a gnoll
skeleton.

Vanquished Creatures
  Eustachio (D:4)
  An ice beast (D:5)
  Duvessa (D:5)
  3 giant frogs
  A scorpion (D:4)
  2 crimson imps (D:5)
  Dowan (D:5)
  A hound (D:4)
  2 orc priests
  3 worker ants (D:5)
  An iguana (D:4)
  2 orc wizards
  An ogre zombie (D:5)
  Jessica (D:3)
  A mummy (D:5)
  7 gnolls
  12 adders
  A green rat (D:3)
  7 giant mites
  A shadow imp (D:5)
  3 worms
  2 ufetubi (D:4)
  An iguana skeleton (D:4)
  14 oozes
  21 orcs
  9 ball pythons
  10 bats
  15 giant cockroaches
  9 hobgoblins
  7 jackals
  A quokka (D:4)
  5 giant geckos
  8 giant newts
  A giant newt skeleton (D:4)
  A giant spore (D:5)
  15 goblins
  10 kobolds
  12 rats
  A ballistomycete (D:5)
  A butterfly (D:5)
196 creatures vanquished.

Vanquished Creatures (others)
  A bat (D:5)
  A kobold (D:5)
2 creatures vanquished.

Grand Total: 198 creatures vanquished

Notes
Turn   | Place    | Note
--------------------------------------------------------------
     0 | D:1      | kae, the Draconian Transmuter, began the quest for the Orb.
     0 | D:1      | Reached XP level 1. HP: 16/16 MP: 3/3
   202 | D:1      | Reached XP level 2. HP: 20/23 MP: 4/4
   541 | D:1      | Found a shimmering altar of Xom.
   739 | D:1      | Reached skill level 4 in Unarmed Combat
   798 | D:2      | Reached XP level 3. HP: 18/28 MP: 4/6
  1284 | D:2      | Reached XP level 4. HP: 18/35 MP: 5/7
  1413 | D:2      | Learned a level 2 spell: Sticks to Snakes
  1417 | D:2      | Learned a level 3 spell: Spider Form
  1862 | D:3      | Reached skill level 5 in Unarmed Combat
  1931 | D:3      | Reached XP level 5. HP: 16/40 MP: 9/9
  1987 | D:3      | Noticed Jessica
  1993 | D:3      | Killed Jessica
  2334 | D:3      | Found a glowing drain.
  2342 | Sewer    | Entered a sewer
  2859 | Sewer    | Reached skill level 6 in Unarmed Combat
  2868 | Sewer    | Reached XP level 6. HP: 39/47 MP: 10/10
  3955 | D:3      | Your scales start taking on a lurid green colour.
  3955 | D:3      | Gained mutation: Your system is resistant to poisons. [draconian maturity]
  3955 | D:3      | Reached XP level 7. HP: 52/52 MP: 12/12
  3986 | D:3      | Reached skill level 7 in Unarmed Combat
  4326 | D:4      | Noticed Eustachio
  4797 | D:4      | Killed Eustachio
  5414 | D:4      | Reached skill level 5 in Transmutations
  5422 | D:4      | Reached skill level 8 in Unarmed Combat
  6144 | D:5      | Entered Level 5 of the Dungeon
  6260 | D:5      | Reached XP level 8. HP: 53/59 MP: 13/13
  6305 | D:5      | Noticed Dowan
  6307 | D:5      | Noticed Duvessa
  6318 | D:5      | Killed Dowan
  6327 | D:5      | Killed Duvessa
  6733 | D:5      | Found a staircase to the Ecumenical Temple.
  6754 | Temple   | Entered the Ecumenical Temple
  6793 | Temple   | Became a worshipper of Qazlal Stormbringer
  6824 | D:5      | Reached skill level 9 in Unarmed Combat
  7321 | D:5      | Killed from afar by an orc wizard

Action                   |  1- 3 |  4- 6 |  7- 9 || total
-------------------------+-------+-------+-------++-------
Melee: Unarmed           |   142 |   384 |   327 ||   853
 Cast: Beastly Appendage |     9 |     8 |    10 ||    27
       Spider Form       |       |     3 |     4 ||     7
 Abil: Breathe Noxious F |       |       |     2 ||     2
  Use: Scroll            |       |     5 |       ||     5
 Stab: Sleeping          |     2 |    10 |     5 ||    17
       Confused          |       |       |     1 ||     1
  Eat: Chunk             |     1 |    10 |     7 ||    18
       Bread ration      |       |       |     1 ||     1
